AoeStats
← Your Mom

Black Forest

503669654Analyzed
2v2 RM · 1mo ago on Sep 1, 2026· 70m 42s· 4 players
Game mode
Random Map
Map size
Medium (4 player)
Population
200
Speed
Normal
Resources
Standard
Victory
Conquest
Starting age
Dark Age
Ending age
Imperial Age
RankedLock teamsTeams togetherTeam positionsShared explorationLock speedFull tech treeHidden civsTurbo modeCheats
Victory
Defeat
🇩🇪 Khmer · Germany
772
+13
🇫🇷 Ethiopians · France
749
+14
🇨🇱 Khmer · Chile
814
-45
🇨🇱 Magyars · Chile
592
-9
Flobull
0:31 Loom
17:51 Feudal Age
19:56 Wheelbarrow
19:12 Double-Bit Axe
19:48 Gold Mining
19:48 Stone Mining
19:45 Horse Collar
22:36 Town Watch
25:05 Castle Age
26:37 Hand Cart
26:25 Heavy Plow
26:38 Bow Saw
27:08 Gold Shaft Mining
27:10 Stone Shaft Mining
28:49 Caravan
32:09 Fortified Wall
36:20 Squires
36:06 Arson
36:26 Husbandry
41:08 Imperial Age
39:33 Fletching
39:44 Padded Archer Armor
39:45 Scale Mail Armor
40:11 Ballistics
40:18 Royal Heirs
42:31 Thumb Ring
41:56 Cavalier
43:26 Torsion Engines
43:48 Conscription
43:16 Capped Ram
45:19 Halberdier
50:05 Forging
50:00 Scale Barding Armor
50:11 Chain Mail Armor
50:25 Onager
51:36 Heavy Camel Rider
53:13 Town Patrol
53:41 Elite Shotel Warrior
55:37 Bodkin Arrow
55:58 Leather Archer Armor
56:14 Plate Mail Armor
56:20 Iron Casting
56:09 Siege Engineers
56:32 Heated Shot
56:56 Masonry
56:50 Bracer
58:01 Siege Onager
59:20 Chain Barding Armor
59:38 Ring Archer Armor
59:33 Sappers
64:34 Chemistry
63:32 Murder Holes
64:09 Architecture
64:52 Blast Furnace
Your Mom
1:30 Loom
11:54 Feudal Age
14:51 Double-Bit Axe
17:00 Horse Collar
18:05 Stone Mining
18:54 Gold Mining
22:02 Wheelbarrow
25:00 Castle Age
26:30 Caravan
26:37 Heavy Plow
27:09 Bow Saw
30:51 Gold Shaft Mining
30:52 Stone Shaft Mining
30:40 Bloodlines
30:30 Husbandry
30:43 Scale Barding Armor
31:10 Forging
32:19 Fortified Wall
34:05 Pikeman
35:46 Iron Casting
37:27 Ballistics
40:55 Tusk Swords
47:03 Imperial Age
44:52 Hand Cart
47:34 Halberdier
50:15 Conscription
50:49 Heavy Scorpion
50:50 Capped Ram
53:57 Elite Battle Elephant
64:57 Crop Rotation
ShalitoFresh
14:26 Feudal Age
19:11 Castle Age
17:15 Horse Collar
18:47 Double-Bit Axe
21:00 Heavy Plow
24:08 Stone Mining
25:32 Stone Shaft Mining
24:50 Gold Mining
29:30 Bow Saw
32:19 Husbandry
36:33 Imperial Age
34:42 Wheelbarrow
34:03 Town Watch
34:39 Tusk Swords
34:50 Heated Shot
37:28 Hand Cart
36:45 Elite Skirmisher
40:07 Gold Shaft Mining
39:36 Town Patrol
40:31 Pikeman
41:42 Capped Ram
44:09 Chemistry
43:03 Siege Ram
43:06 Cavalier
48:09 Crop Rotation
47:30 Elite Ballista Elephant
49:05 Double Crossbow
49:30 Conscription
49:44 Ballistics
49:37 Masonry
62:37 Light Cavalry
63:32 Bloodlines
70:02 Careening
70:02 Fortified Wall
70:02 Careening
70:02 Fortified Wall
69:47 Murder Holes
69:32 Hussar
olimckley
12:23 Feudal Age
13:49 Double-Bit Axe
14:08 Horse Collar
16:10 Wheelbarrow
17:41 Scale Barding Armor
21:57 Castle Age
21:19 Arson
21:36 Gold Mining
24:30 Bow Saw
24:45 Husbandry
25:08 Chain Barding Armor
25:33 Heavy Plow
26:19 Stone Mining
30:35 Gold Shaft Mining
34:41 Fletching
35:29 Ballistics
38:17 Imperial Age
37:03 Hand Cart
37:08 Masonry
48:49 Two-Man Saw
48:10 Pikeman
51:31 Scale Mail Armor
54:19 Man-at-Arms
Connection lost

Rejoining the realm…

Still unreachable

The connection could not be restored.

Session expired

The server has moved on; the page needs a fresh start.